Map: Nightshade LE

Players

SpaceObama

  • Race: Protoss Protoss
  • League: Silver
  • Spawn Location: 5:00

antagomiR - Winner!

  • Race: Protoss Protoss
  • League: Gold
  • Spawn Location: 11:00

VOD

Have the link to the VOD?

Description

Time

  • Played on: April 18, 2020, 5:24 p.m.
  • Length: 8:32
Show
View Real Time Build Order
Export as new Build Order

SpaceObama Protoss 

Build Orders: Oracle Opening 

Get SALT Encoding   

  12  0:02  Probe  
  13  0:14  Pylon  
  13  0:17  Probe  
  14  0:30  Probe, Assimilator  
  15  0:44  Gateway  
  15  0:46  Probe  
  16  0:58  Probe  
  17  1:10  Probe  
  18  1:29  Pylon  
  18  1:38  Cybernetics Core  
  18  1:53  Pylon  
  18  2:03  Assimilator  
  18  2:13  Nexus  
  18  2:14  Probe  
  20  2:15  Warp Gate (Chrono Boost)  
  19  2:20  Stalker  
  21  2:29  Stargate  
  21  2:33  Probe (Chrono Boost)  
  23  2:44  Probe (Chrono Boost)  
  23  2:49  Probe (Chrono Boost)  
  23  2:59  Probe  
  23  3:00  Pylon  
  24  3:11  Stalker  
  26  3:13  Oracle  
  29  3:37  Probe (Chrono Boost)  
  30  3:47  Probe (Chrono Boost)  
  31  3:52  Probe (Chrono Boost)  
  31  3:55  Gateway  
  32  3:58  Void Ray  
  36  4:03  Probe  
  37  4:15  Probe, Fleet Beacon  
  37  4:16  Probe  
  39  4:27  Probe  
  39  4:29  Stalker  
  42  4:42  Probe  
  43  4:48  Void Ray  
  47  4:57  Assimilator  
  47  4:58  Probe, Assimilator  
  48  5:00  Probe  
  49  5:13  Probe  
  50  5:14  Probe  
  51  5:26  Probe (Chrono Boost)  
  52  5:34  Void Ray  
  56  5:36  Stalker x2  
  56  5:38  Probe (Chrono Boost)  
  61  5:43  Probe (Chrono Boost)  
  54  6:14  Nexus  
  54  6:32  Pylon  
  54  6:35  Pylon  
  42  6:56  Stalker x2  
  31  7:13  Void Ray (Chrono Boost)  
  35  7:19  Stalker  
  35  7:20  Stalker  
  39  7:34  Nexus  
  39  7:36  Pylon  
  37  7:37  Pylon  
  37  7:38  Pylon  
  37  7:52  Stalker  
  19  8:27  Gateway  
Show
View Real Time Build Order
Export as new Build Order

antagomiR Protoss - Winner!

Build Orders:  

Get SALT Encoding   

  12  0:00  Probe  
  13  0:13  Probe  
  14  0:21  Pylon  
  14  0:25  Probe  
  15  0:42  Probe, Gateway  
  16  0:53  Assimilator  
  16  0:54  Probe (Chrono Boost)  
  18  1:05  Probe (Chrono Boost)  
  18  1:10  Probe (Chrono Boost)  
  18  1:15  Assimilator  
  19  1:30  Cybernetics Core  
  19  1:33  Probe  
  19  1:34  Pylon  
  19  1:47  Probe  
  20  1:59  Probe  
  21  2:07  Warp Gate (Chrono Boost)  
  21  2:09  Robotics Facility  
  21  2:11  Probe  
  21  2:13  Adept  
  24  2:23  Probe  
  25  2:36  Probe  
  26  2:41  Nexus  
  26  2:43  Stalker  
  28  2:52  Pylon  
  28  3:01  Observer  
  29  3:06  Probe  
  30  3:13  Gateway, Sentry  
  30  3:18  Probe  
  33  3:21  Gateway  
  33  3:45  Probe  
  34  3:50  Immortal (Chrono Boost), Stalker  
  40  3:57  Probe  
  41  4:03  Probe  
  41  4:09  Probe  
  43  4:15  Probe  
  44  4:19  Sentry  
  44  4:23  Immortal  
  50  4:27  Probe x2  
  52  4:39  Probe x2  
  52  4:40  Observer  
  54  4:52  Pylon  
  54  4:54  Pylon  
  54  4:59  Observer  
  54  5:02  Pylon  
  54  5:10  Probe x2  
  54  5:11  Observer  
  54  5:12  Pylon  
  57  5:22  Probe x2  
  57  5:24  Stalker x3  
  65  5:34  Probe x2  
  67  5:36  Forge  
  67  5:47  Probe x2  
  69  5:59  Probe  
  69  6:02  Stalker x3  
  76  6:26  Photon Cannon  
  76  6:31  Photon Cannon  
  76  6:32  Photon Cannon  
  76  6:35  Photon Cannon  
  68  6:40  Photon Cannon  
  58  7:15  Stalker x3  
  58  8:07  Stalker  
  58  8:08  Stalker x2  
Tags
 
Matchup
PvP
Replay Pack
20200422
Spawn Locations
Cross Positions
Add a new tag
Caveats
  • Supply blocks, unpowered buildings, or Contaminate may cause inaccurate times.
  • Supply counts are checked every 10 seconds.